 Dungeon Crawl Stone Soup version 0.28-a0-1447-ga5a8893891 (webtiles) character file.

Game seed: 9052595975205692526

40 dolemite99 the Slasher (level 3, -11/31 HPs)
             Began as a Minotaur Monk on Jan 11, 2022.
             Was an Initiate of Gozag.
             Blown up by Ijyb (14 damage)
             ... with a mindburst bolt
             ... on level 3 of the Dungeon.
             The game lasted 00:01:40 (1183 turns).

dolemite99 the Slasher (Minotaur Monk)              Turns: 1183, Time: 00:01:40

Health: -11/31     AC:  8    Str: 17    XL:     3   Next: 30%
Magic:  2/2        EV:  7    Int:  7    God:    Gozag
Gold:   115        SH:  0    Dex: 12    Spells: 2/2 levels left

rFire   + . .      SeeInvis .   b - +1 dagger (venom)
rCold   + . .      Faith    .   (no shield)
rNeg    . . .      Spirit   .   g - +0 chain mail
rPois   +          Reflect  .   (helmet restricted)
rElec   +          Harm     .   (no cloak)
rCorr   +          Rampage  .   (no gloves)
Will    .....                   (no boots)
Stlth   ..........              (no amulet)
HPRegen 0.10/turn               (no ring)
MPRegen 0.08/turn               (no ring)

@: resistant
A: horns 2, retaliatory headbutt
a: Renounce Religion, Potion Petition, Call Merchant, Bribe Branch


You were on level 3 of the Dungeon.
You worshipped Gozag.
Gozag was aware of your devotion.
You visited 1 branch of the dungeon, and saw 3 of its levels.

You collected 115 gold pieces.

Inventory:

Hand Weapons
 a - a +0 falchion
 b - a +1 dagger of venom (weapon)
 j - a +1 whip of electrocution
Armour
 g - a +0 chain mail (worn)
 h - a +0 robe
 m - the +0 ring mail of Watchfulness {rC+}
   (You found it on level 2 of the Dungeon)

   rC:        It protects you from cold.
Scrolls
 d - a scroll of blinking {unknown}
 e - 3 scrolls of amnesia {unknown}
 l - 2 scrolls of holy word {unknown}
 n - a scroll of magic mapping {unknown}
 o - a scroll of summoning {unknown}
Potions
 c - a potion of lignification {unknown}
 f - a potion of curing {unknown}
 i - a potion of resistance
 k - a potion of invisibility {unknown}


   Skills:
 - Level 3.6 Fighting
 + Level 5.4 Long Blades
 - Level 3.2 Dodging
 - Level 1.5 Stealth


You had 2 spell levels left.
You didn't know any spells.
Your spell library contained the following spells:

 Spells                   Type           Power      Damage    Failure   Level
 Summon Lightning Spire   Summ/Air       0%         N/A       100%        4
 Storm Form               Tmut/Air       0%         N/A       100%        7
 Maxwell's Capacitive Co  Air            0%         ∞         100%        8


Dungeon Overview and Level Annotations

Branches:
Dungeon (3/15)

Altars:
Gozag

Annotations:
D:3 Ijyb


Innate Abilities, Weirdness & Mutations

You have a pair of horns on your head.
You reflexively headbutt those who attack you in melee.


Message History

You kill the endoplasm!
No target in view!
No target in view!
No target in view!
No target in view!
No target in view!
No target in view!
No target in view!
No target in view!
No target in view!
No target in view!
No target in view!
No target in view!
No target in view!
No target in view!
Found a lumpy golden potion.
You now have 115 gold pieces (gained 3).
i - 2 lumpy golden potions (gained 1)
You open the door.
Ijyb and a rat come into view.
Ijyb is wielding a +0 dagger and carrying a wand of mindburst (10).
Ijyb shouts!
There are monsters nearby!
There are monsters nearby!
Found 24 stones.
Ijyb hits you with a +0 dagger.
There is an open door here.
You barely miss Ijyb. You barely miss Ijyb. Your punch misses Ijyb.
Ijyb zaps a wand.
Your mind is blasted!
You barely miss Ijyb. Your headbutt misses Ijyb. Ijyb barely misses you.
You hit Ijyb but do no damage.
Ijyb is poisoned.
Your headbutt misses Ijyb.
Ijyb zaps a wand.
Your mind is blasted!
* * * LOW HITPOINT WARNING * * *
You hit Ijyb but do no damage.
Ijyb looks as sick as possible!
The rat barely misses you. You furiously retaliate!
You headbutt the rat, but do no damage. Ijyb hits you but does no damage.
It was a potion of resistance.
You feel protected. The rat bites you but does no damage.
Ijyb zaps a wand.
Your mind is blasted!
You die...

#....##.#............
#.........###.....##
#....##.#####.....#
#.#..##..........##
#.#..########...##
#....# ##.## ###.##
#.# #..# #.# #.## #@#
#.# #rg.# ###.###
#.....# #.....##
#.......# $ ##.#....##
#.........#
...........+.........+
##..#...####.........#
#.....## ##......(##
##.####


You could see Ijyb (extremely poisoned) and a rat.

Vanquished Creatures
  2 dart slugs
  An orc (D:3)
  5 ball pythons (D:1)
  5 bats (D:1)
  An endoplasm (D:3)
  4 goblins
  2 hobgoblins (D:2)
  5 quokkas
  A frilled lizard (D:1)
  7 kobolds
  A rat (D:1)
34 creatures vanquished.

Notes
Turn   | Place    | Note
-------+----------+-------------------------------------------
     0 | D:1      | dolemite99 the Minotaur Monk began the quest for the Orb.
     0 | D:1      | Reached XP level 1. HP: 19/19 MP: 0/0
    77 | D:1      | Reached skill level 4 in Long Blades
   174 | D:1      | Reached XP level 2. HP: 23/26 MP: 1/1
   553 | D:1      | Reached skill level 5 in Long Blades
   657 | D:2      | Reached XP level 3. HP: 25/31 MP: 2/2
   787 | D:2      | Identified the +0 ring mail of Watchfulness {rC+}
   832 | D:2      | Found a faded altar of an unknown god.
   842 | D:2      | Prayed at the altar of an unknown god.
   842 | D:2      | Became a worshipper of Gozag Ym Sagoz the Greedy
  1176 | D:3      | Noticed Ijyb
  1183 | D:3      | Blown up by Ijyb

Illustrated notes

Levels and vault maps discovered:
D:1:      sevenhm_arrival_forest_fort_small_4, layout_basic
D:2:      layout_basic, ebering_ecumenical_altar_webs, hangedman_feature_mirror,
          dk_noncrumbling_3
D:3:      layout_loops_corners, uniq_ijyb

Skill      XL: |  1  2 |
---------------+-------+-----
Long Blades    | 4 5 |  5.4
Fighting       | |  3.6
Dodging        | |  3.2
Stealth        | |  1.5

Action                   || total
-------------------------++-------
Melee: Falchion          ||    21
       Dagger            ||    36
       Whip              ||     7
       Headbutt          ||     7
  Use: Potion            ||     1
 Stab: Sleeping          ||     3
Armor: Robe              ||     5
       Chain mail        ||    37
Dodge: Dodged            ||    37

Table legend: (Time is in decaauts)
 A = Elapsed time spent in this place.
 B = Non-inter-level travel time spent in this place.
 C = Inter-level travel time spent in this place.
 D = Time resting spent in this place.
 E = Time spent auto-exploring this place.
 F = Levels seen in this place.
 G = Mean time per level.
                   A        B        C        D        E       F      G
               +--------+--------+--------+--------+--------+-----+--------+
         Total |   1179 |   1126 |     53 |      0 |    827 |   3 |  393.0 |
       Dungeon |   1179 |   1126 |     53 |      0 |    827 |   3 |  393.0 |
               +--------+--------+--------+--------+--------+-----+--------+

Top non-repeatable levels by time:
     D:1: 634 daAuts
     D:2: 380 daAuts
     D:3: 164 daAuts
